 Dungeon Crawl Stone Soup version 0.24-a0-520-g8fd06ad0bc (webtiles) character file.

Game seed: 12117290549801673474

245167 nikopol the Executioner (level 18, -13/169 HPs)
             Began as a Minotaur Berserker on July 24, 2019.
             Was the Champion of Trog.
             Mangled by a tengu reaver
             ... wielding a cursed -3 bardiche
              (19 damage)
             ... on level 1 of the Vaults on July 26, 2019.
             The game lasted 01:32:12 (37692 turns).

nikopol the Executioner (Minotaur Berserker)       Turns: 37692, Time: 01:32:13

Health: -13/169    AC: 30    Str: 29    XL:     18   Next: 75%
Magic:  17/17      EV: 13    Int:  4    God:    Trog [******]
Gold:   4287       SH:  0    Dex: 14    Spells: 17/17 levels left

rFire    . . .     SeeInvis .   a - +10 executioner's axe of Watchfulness {vamp, Str+3}
rCold    . . .     Gourm    .   (shield currently unavailable)
rNeg     + + .     Faith    .   E - +7 chain mail of Weightlessness {+Blink}
rPois    +         Spirit   .   W - +2 hat
rElec    +         Reflect  .   s - scarf {cloud immunity}
rCorr    .         Harm     .   C - +2 pair of gloves {archery}
MR       ++...                  (no boots)
Stlth    ..........             h - amulet "Hirept" {Acrobat rElec rPois Dex+2 Stlth+}
HPRegen  0.38/turn              q - +5 ring of protection
MPRegen  0.15/turn              Y - ring "Gishro Omna" {rN++ MR+ Dex-2}

@: berserk cooldown, slowed, very slow
A: retaliatory headbutt, horns 2
}: 2/15 runes: decaying, gossamer
a: Berserk, Trog's Hand, Brothers in Arms, Renounce Religion, Evoke Blink


You were on level 1 of the Vaults.
You worshipped Trog.
Trog was exalted by your worship.
You were hungry.

You visited 6 branches of the dungeon, and saw 32 of its levels.
You also visited: Ice Cave.

You collected 4476 gold pieces.
You spent 189 gold pieces at shops.

Inventory:

Hand Weapons
 a - the +10 executioner's axe of Watchfulness (weapon) {vamp, Str+3}
   (Trog gifted it to you on level 11 of the Dungeon)

   It inflicts no extra harm, but heals its wielder when it wounds a living foe.
   It affects your strength (+3).
 p - a +2 antimagic battleaxe
 z - a +7 shortbow of flaming
Missiles
 v - 311 arrows
Armour
 s - a scarf of cloud immunity (worn)
 C - a +2 pair of gloves of archery (worn)
 E - the +7 chain mail of Weightlessness (worn) {+Blink}
   (You found it on level 5 of the Dungeon)

   It lets you blink.
 W - a +2 hat (worn)
Jewellery
 f - an uncursed ring of resist corrosion
 h - the amulet "Hirept" (around neck) {Acrobat rElec rPois Dex+2 Stlth+}
   (You acquired it on level 4 of the Swamp)

   [amulet of the acrobat]

   It helps you evade while moving and waiting.
   It affects your dexterity (+2).
   It insulates you from electricity.
   It protects you from poison.
   It makes you more stealthy.
 q - a +5 ring of protection (left hand)
 w - an uncursed ring of see invisible
 G - the amulet of Posocaeme {Gourm rN+ MR+ Stlth+}
   (You acquired it on level 3 of the Spider Nest)

   [amulet of the gourmand]

   It allows you to eat raw meat even when not hungry.
   It protects you from negative energy.
   It affects your resistance to hostile enchantments.
   It makes you more stealthy.
 R - an uncursed ring of protection from cold
 Y - the ring "Gishro Omna" (right hand) {rN++ MR+ Dex-2}
   (You found it on level 3 of the Swamp)

   [ring of protection from magic]

   It affects your dexterity (-2).
   It greatly protects you from negative energy.
   It affects your resistance to hostile enchantments.
Wands
 g - a wand of polymorph (10)
 i - a wand of paralysis (12)
 D - a wand of scattershot (6)
 F - a wand of disintegration (28)
 I - a wand of acid (31)
 J - a wand of iceblast (37)
 K - a wand of digging (5)
 U - a wand of flame (50)
 V - a wand of enslavement (3)
Scrolls
 b - a scroll of immolation
 k - 2 scrolls of fog
 m - 4 scrolls of fear
 t - a scroll of enchant weapon
 x - 2 scrolls of holy word
 A - 2 scrolls of blinking
 M - 7 scrolls of teleportation
 O - 11 scrolls of remove curse
 S - 2 scrolls of brand weapon
 T - 2 scrolls of summoning
 X - 6 scrolls of magic mapping
 Z - a scroll of enchant armour
Potions
 d - 5 potions of lignification
 e - 8 potions of agility
 j - 2 potions of mutation
 l - 6 potions of flight
 n - 3 potions of haste
 o - 3 potions of might
 r - a potion of heal wounds
 u - 11 potions of curing
 B - 3 potions of brilliance
 H - a potion of cancellation
 L - a potion of ambrosia
 N - 4 potions of berserk rage
 Q - 4 potions of magic
Comestibles
 c - 41 rations
 P - 7 chunks of flesh


   Skills:
 + Level 17.0 Fighting
 * Level 24.4(24.5) Axes
   Level 3.2(17.1) Maces & Flails
 * Level 17.6 Bows
 + Level 14.1 Armour
 + Level 6.8 Dodging
 + Level 2.6 Stealth
 + Level 0.4 Unarmed Combat


You had 17 spell levels left.
You didn't know any spells.
Your spell library was empty.

Dungeon Overview and Level Annotations

Branches:
Dungeon (15/15)            Temple (0/1) D:6            Lair (6/6) D:9
  Swamp (4/4) Lair:4       Spider (4/4) Lair:4        Slime (0/5) Lair:6
    Orc (2/2) D:9             Elf (0/3) Orc:2        Vaults (1/5) D:14
 Depths (0/5) D:15

Altars:
Dithmenos
Elyvilon
Hepliaklqana
Nemelex Xobeh
Okawaru
Ru
Trog
Zin
Beogh
Lugonu

Shops:
D:12 [   Orc:2 *([:


Innate Abilities, Weirdness & Mutations

You reflexively headbutt those who attack you in melee.
You have a pair of horns on your head.


Message History

The skeletal warrior hits you from afar with a cursed -1 trident.
* * * LOW HITPOINT WARNING * * *
The tengu reaver hits you from afar with a cursed -3 bardiche!!
* * * LOW HITPOINT WARNING * * *
You feel much better. Something hits you but does no damage.
The two-headed ogre closely misses you. You furiously retaliate!
You headbutt the two-headed ogre!
You kill the two-headed ogre!
Trog accepts your kill.
The two-headed ogre hits you but does no damage.
The two-headed ogre hits you with a +0 giant spiked club!!
* * * LOW HITPOINT WARNING * * *
The skeletal warrior misses you. Something barely misses you.
The ironbrand convoker begins to recite a word of recall!
The skeletal warrior hits you but does no damage.
The two-headed ogre hits you but does no damage.
The two-headed ogre barely misses you. Something hits you.
* * * LOW HITPOINT WARNING * * *
The tengu reaver hits you from afar with a cursed -3 bardiche!!
You die...

#.#.∩......#..#..#
#....#..##.##....#
#.#..##...#..>...#
#................#
#######'############
#..."".)=..# #..........#
#..........# #.......@{.#
#.......)O.# #.......Qzo#
#..........##############
#..........'............#
########'###p...........#
#......# #.........)..#
#......# #............#
#......# #............#


You could see a tengu reaver, a skeletal warrior, a two-headed ogre, an
ironbrand convoker and an orc warrior.

Vanquished Creatures
  Saint Roka (Orc:2)
  the Lernaean hydra (Swamp:4)
  Arachne (Spider:3)
  Jorgrun (D:14)
  Asterion (Vaults:1)
  Agnes (Spider:3)
  2 thorn hunters (Swamp:4)
  Roxanne (Spider:2)
  Kirke (Swamp:1)
  2 deep elf sorcerers (Vaults:1)
  Donald (Swamp:1)
  2 vault wardens (Vaults:1)
  3 ghost moths (Spider:4)
  Louise (Swamp:1)
  5 emperor scorpions
  Aizul (Swamp:1)
  3 ironheart preservers (Vaults:1)
  The ghost of Vogy the Severer, a journeyman DDFi of Makhleb (Swamp:2)
  4 entropy weavers
  Azrael (D:13)
  2 spark wasps
  Josephine (D:11)
  A fire dragon (Vaults:1)
  A yaktaur captain (Vaults:1)
  The ghost of p0werm0de the Fighter, a journeyman DsWn of Yredelemnul (Orc:1)
  2 ice dragons (IceCv)
  4 catoblepae
  3 vault guards
  21 hydras
  A ghost crab (Swamp:2)
  3 centaur warriors
  13 alligators
  A shambling mangrove (Swamp:4)
  A death knight (Vaults:1)
  17 death yaks
  An ogre mage (Vaults:1)
  7 two-headed ogres
  Nergalle (D:11)
  2 orc high priests
  Urug (Lair:2)
  Sonja (D:13)
  2 skeletal warriors
  A spark wasp zombie (D:15)
  2 unseen horrors
  5 spriggan druids
  8 swamp dragons (Swamp:4)
  3 deep elf magi
  5 deep trolls (Vaults:1)
  2 ironbrand convokers (Vaults:1)
  Pikel (D:6)
  A wizard (Vaults:1)
  2 wolf spider zombies
  A phantasmal warrior (D:15)
  2 necromancers
  21 orb spiders
  7 orc knights
  2 orc sorcerers (Orc:2)
  24 wolf spiders
  4 manticores
  2 oklob plants
  10 ugly things
  6 elephants
  2 centaur zombies
  Maurice (D:13)
  A fire giant skeleton (D:15)
  5 cyclopes
  2 vault sentinels (Vaults:1)
  4 black mambas
  2 ice statues (IceCv)
  4 torpor snails
  8 spiny frogs
  3 freezing wraiths (D:15)
  5 komodo dragons
  5 rime drakes
  10 demonic crawlers
  5 yaktaurs (Vaults:1)
  A spriggan skeleton (D:15)
  3 kobold demonologists (D:14)
  A guardian mummy (D:15)
  A queen bee (Spider:3)
  A merfolk (D:10)
  5 trolls
  3 meliai
  36 jumping spiders
  11 blink frogs
  12 slime creatures
  2 polar bears
  10 tyrant leeches
  6 hippogriffs
  20 hornets
  A harpy skeleton (D:15)
  A sphinx simulacrum (Vaults:1)
  11 bog bodies
  An ettin zombie (D:15)
  17 dream sheep
  36 tarantellas
  70 redbacks
  8 spriggans
  2 shadows
  63 yaks
  3 wraiths (D:11)
  2 wyverns
  3 fire elementals (D:13)
  A vampire (D:10)
  A hog (shapeshifter) (Vaults:1)
  2 hungry ghosts (D:9)
  4 hogs (Swamp:1)
  10 humans (D:14)
  A steam dragon (D:12)
  13 vampire mosquitoes
  7 basilisks
  13 swamp worms
  8 insubstantial wisps
  3 wargs
  A soldier ant (D:13)
  An acid dragon (D:12)
  2 hell hounds (D:13)
  11 swamp drakes
  15 water moccasins
  6 porcupines
  20 ice beasts
  22 orc warriors
  4 slaves (D:6)
  11 ogres
  5 sky beasts
  A black bear (D:13)
  2 eyes of draining
  2 phantoms
  2 necrophages
  4 boggarts (Vaults:1)
  11 wolves
  9 centaurs
  9 crocodiles
  3 big kobolds
  14 bullfrogs
  A gnoll sergeant (D:9)
  4 scorpions
  2 troll zombies (D:9)
  22 killer bees
  4 wights (D:9)
  7 electric eels
  3 howler monkeys
  9 crimson imps
  6 hounds
  A bullfrog zombie (D:12)
  7 jellies
  2 quasits (D:9)
  16 orc priests
  14 orc wizards
  A bullfrog skeleton (D:5)
  4 centaur skeletons
  An iguana (D:12)
  4 worker ants
  Natasha (twice) (D:3)
  4 ogre zombies (D:9)
  A hound skeleton (D:4)
  2 worker ant zombies
  10 gnolls
  18 adders
  2 shadow imps
  2 adder skeletons
  2 dart slugs (D:1)
  8 leopard geckos
  62 orcs
  5 giant cockroaches
  10 hobgoblins
  6 jackals (D:1)
  20 kobolds
  10 quokkas
  2 ball pythons
  9 bats
  6 frilled lizards
  3 goblins
  2 goblin skeletons (D:9)
  3 goblin zombies (D:9)
  2 hobgoblin skeletons (D:9)
  A hobgoblin zombie (D:9)
  2 jackal skeletons
  A leopard gecko skeleton (D:4)
  2 orc skeletons (D:9)
  9 orc zombies (D:9)
  A quokka skeleton (D:6)
  8 rats
  2 bushes (Lair:5)
  A demonic plant (D:14)
  3 fungi
  5 plants
  A withered plant (D:15)
1170 creatures vanquished.

Vanquished Creatures (others)
  An alligator (Swamp:2)
  A centaur warrior (D:15)
  A killer bee (Spider:3)
  An orc wizard (D:11)
  An orc (Orc:1)
  24 fungi
  15 plants
44 creatures vanquished.

Grand Total: 1214 creatures vanquished

Notes
Turn   | Place    | Note
-------+----------+-------------------------------------------
     0 | D:1      | nikopol the Minotaur Berserker began the quest for the Orb.
     0 | D:1      | Reached XP level 1. HP: 19/19 MP: 0/0
    81 | D:1      | Reached skill level 4 in Axes
    85 | D:1      | Reached XP level 2. HP: 21/27 MP: 1/1
   421 | D:1      | Reached XP level 3. HP: 33/33 MP: 2/2
   647 | D:1      | Reached ** piety under Trog
  1094 | D:2      | Reached XP level 4. HP: 17/41 MP: 3/3
  1527 | D:2      | Found a sparkling altar of Nemelex Xobeh.
  1989 | D:3      | Found a glowing silver altar of Zin.
  2145 | D:3      | Noticed Natasha
  2156 | D:3      | Killed Natasha
  2156 | D:3      | Reached XP level 5. HP: 41/47 MP: 4/4
  2225 | D:3      | Reached *** piety under Trog
  2225 | D:3      | Reached skill level 5 in Axes
  2229 | D:3      | Found an iron altar of Okawaru.
  2485 | D:3      | Noticed Natasha
  2491 | D:3      | Killed Natasha
  2754 | D:4      | Reached skill level 1 in Stealth
  2883 | D:4      | Reached XP level 6. HP: 44/53 MP: 5/5
  3101 | D:5      | Entered Level 5 of the Dungeon
  3205 | D:5      | Got a turquoise-encrusted chain mail
  3212 | D:5      | Reached skill level 5 in Armour
  3234 | D:5      | Reached skill level 6 in Axes
  3252 | D:5      | Identified the +7 chain mail of Weightlessness {+Blink}
                  | (You found it on level 5 of the Dungeon)
  3305 | D:5      | Found a bloodstained altar of Trog.
  3318 | D:5      | Identified the +4 ring mail of the Buccaneer {Int+4 SInv}
  3329 | D:5      | Reached skill level 5 in Fighting
  3341 | D:5      | Reached XP level 7. HP: 39/61 MP: 6/6
  3527 | D:5      | Found a shadowy altar of Dithmenos.
  3673 | D:6      | Found a staircase to the Ecumenical Temple.
  3689 | D:6      | Reached skill level 7 in Axes
  3750 | D:6      | Reached **** piety under Trog
  3800 | D:6      | Noticed Pikel
  3838 | D:6      | Killed Pikel
  3838 | D:6      | Reached skill level 9 in Axes
  3838 | D:6      | Reached XP level 8. HP: 54/69 MP: 7/7
  4872 | D:8      | Noticed a two-headed ogre
  4879 | D:8      | Killed a two-headed ogre
  4879 | D:8      | Reached skill level 10 in Axes
  4879 | D:8      | Reached XP level 9. HP: 78/78 MP: 6/8
  4904 | D:8      | Reached skill level 11 in Axes
  4977 | D:8      | Found a sacrificial altar of Ru.
  5145 | D:8      | Reached skill level 1 in Bows
  5177 | D:8      | Found a white marble altar of Elyvilon.
  5475 | D:9      | Reached ***** piety under Trog
  5475 | D:9      | Reached skill level 12 in Axes
  5519 | D:9      | Reached XP level 10. HP: 73/87 MP: 7/9
  5524 | D:9      | Found a staircase to the Orcish Mines.
  5550 | D:9      | HP: 2/87 [poisoned by a gnoll sergeant]
  5559 | D:9      | HP: 4/88 [troll zombie (6)]
  5864 | D:9      | Received a gift from Trog
  5926 | D:9      | Found a staircase to the Lair.
  5926 | D:9      | Noticed an elephant
  5970 | D:9      | Killed an elephant
  6032 | D:9      | Reached skill level 13 in Axes
  6104 | D:9      | Reached skill level 5 in Bows
  6904 | D:10     | Entered Level 10 of the Dungeon
  6938 | D:10     | Noticed a red ugly thing
  6938 | D:10     | Noticed a gargoyle
  6940 | D:10     | Noticed a catoblepas
  6940 | D:10     | Noticed a centaur warrior
  7065 | D:10     | Reached XP level 11. HP: 59/95 MP: 7/10
  7066 | D:10     | Received a gift from Trog
  7077 | D:10     | HP: 1/142 [something/vampiric draining (8)]
  7849 | Lair:1   | Entered Level 1 of the Lair of Beasts
  8024 | Lair:1   | Noticed a five-headed hydra
  8034 | Lair:1   | Reached skill level 14 in Axes
  8035 | Lair:1   | Killed a seven-headed hydra
  8105 | Lair:1   | Noticed a seven-headed hydra
  8118 | Lair:1   | Killed a seven-headed hydra
  8135 | Lair:1   | Noticed an oklob plant
  8973 | Lair:1   | Killed an oklob plant
  9004 | Lair:2   | Noticed Urug
  9055 | Lair:2   | Reached skill level 15 in Axes
  9700 | Lair:2   | Killed Urug
  9700 | Lair:2   | Reached XP level 12. HP: 105/105 MP: 8/11
 10479 | Lair:3   | Reached skill level 5 in Dodging
 10615 | Lair:3   | Noticed an eight-headed hydra
 10623 | Lair:3   | Killed an eight-headed hydra
 10623 | Lair:3   | Reached skill level 10 in Bows
 11175 | Lair:3   | Reached skill level 1 in Maces & Flails
 11181 | Lair:3   | Reached skill level 16 in Axes
 11501 | Lair:4   | Reached skill level 10 in Armour
 11525 | Lair:4   | Received a gift from Trog
 11619 | Lair:4   | Reached skill level 10 in Fighting
 11620 | Lair:4   | Received a gift from Trog
 11711 | Lair:4   | Noticed a five-headed hydra
 11720 | Lair:4   | Killed a five-headed hydra
 12111 | Lair:4   | Noticed a seven-headed hydra
 12128 | Lair:4   | Killed a seven-headed hydra
 12332 | Lair:4   | Found a hole to the Spider Nest.
 12465 | Lair:4   | Found a staircase to the Swamp.
 12476 | Lair:4   | Received a gift from Trog
 12898 | Lair:5   | Found a frozen archway.
 12910 | Lair:5   | Reached XP level 13. HP: 98/114 MP: 10/12
 12924 | IceCv    | Entered an ice cave
 13341 | IceCv    | Received a gift from Trog
 13394 | IceCv    | Reached skill level 17 in Axes
 14607 | Lair:5   | Received a gift from Trog
 15231 | Lair:6   | Entered Level 6 of the Lair of Beasts
 15381 | Lair:6   | Found a staircase to the Slime Pits.
 15672 | Lair:6   | Reached ****** piety under Trog
 16787 | Lair:5   | Reached XP level 14. HP: 94/124 MP: 10/13
 16899 | Lair:5   | Reached skill level 18 in Axes
 17574 | Lair:6   | Received a gift from Trog
 18592 | Orc:1    | Entered Level 1 of the Orcish Mines
 18751 | Orc:1    | Found a runed translucent gate.
 18751 | Orc:1    | Found a runed translucent gate.
 18751 | Orc:1    | Found a runed translucent gate.
 18753 | Orc:1    | Identified the +3 plate armour "Ratwiru" {rC+ Int+4 SInv}
 18755 | Orc:1    | Noticed p0werm0de's ghost (journeyman DsWn)
 18979 | Orc:1    | Found a roughly hewn altar of Beogh.
 19720 | Orc:1    | Killed p0werm0de's ghost
 19896 | Orc:2    | Entered Level 2 of the Orcish Mines
 20074 | Orc:2    | Found a staircase to the Elven Halls.
 20147 | Orc:2    | Received a gift from Trog
 20283 | Orc:2    | Reached skill level 19 in Axes
 20318 | Orc:2    | Noticed Saint Roka
 20349 | Orc:2    | Killed Saint Roka
 20604 | Orc:2    | Found a roughly hewn altar of Beogh.
 20638 | Orc:2    | Found Zeigutem's Antique Armour Boutique.
 20664 | Orc:2    | Found Plog's Book Boutique.
 20680 | Orc:2    | Found Jaeplez's General Store.
 20907 | Orc:2    | Found Waasot's Antique Weapon Boutique.
 21272 | D:11     | Noticed Josephine
 21284 | D:11     | Killed Josephine
 21407 | D:11     | Reached XP level 15. HP: 134/134 MP: 14/14
 21640 | D:11     | Noticed Nergalle
 21650 | D:11     | Killed Nergalle
 21713 | D:11     | Received a gift from Trog
 21716 | D:11     | Got a dazzling executioner's axe {god gift}
 21717 | D:11     | Identified the +10 executioner's axe of Watchfulness {vamp,
                  | Str+3} (Trog gifted it to you on level 11 of the Dungeon)
 21893 | D:12     | Found Iggacint's Antique Armour Shop.
 21907 | D:12     | Bought a glowing hat for 189 gold pieces
 22743 | D:13     | Noticed Maurice
 22746 | D:13     | Killed Maurice
 23448 | D:13     | Noticed Sonja
 23449 | D:13     | Killed Sonja
 23572 | D:13     | Noticed Azrael
 23586 | D:13     | Killed Azrael
 24129 | D:14     | Received a gift from Trog
 24196 | D:14     | Found a gate to the Vaults.
 24389 | D:14     | Found a hazy altar of Hepliaklqana.
 24402 | D:14     | Noticed Jorgrun
 24416 | D:14     | Reached skill level 20 in Axes
 24420 | D:14     | Killed Jorgrun
 24495 | D:14     | Found a corrupted altar of Lugonu.
 24967 | D:15     | Entered Level 15 of the Dungeon
 25170 | D:15     | Received a gift from Trog
 25334 | D:15     | Reached skill level 15 in Bows
 25609 | D:15     | Found a staircase to the Depths.
 26478 | Swamp:1  | Entered Level 1 of the Swamp
 26664 | Swamp:1  | Reached XP level 16. HP: 146/146 MP: 15/15
 26690 | Swamp:1  | Noticed Aizul
 26696 | Swamp:1  | Noticed Louise
 26701 | Swamp:1  | Killed Aizul
 26701 | Swamp:1  | Reached skill level 21 in Axes
 26724 | Swamp:1  | Killed Louise
 26724 | Swamp:1  | Received a gift from Trog
 26956 | Swamp:1  | Noticed Donald
 26973 | Swamp:1  | Killed Donald
 27324 | Swamp:1  | Noticed Kirke
 27580 | Swamp:1  | Killed Kirke
 28532 | Swamp:2  | Found a runed translucent door.
 29038 | Swamp:2  | Noticed Vogy's ghost (journeyman DDFi)
 29047 | Swamp:2  | Killed Vogy's ghost
 29241 | Swamp:3  | Found a transporter.
 29357 | Swamp:3  | Found a transporter.
 29814 | Swamp:3  | Received a gift from Trog
 29857 | Swamp:3  | Got a glittering bronze ring
 29877 | Swamp:3  | Got a heavily runed steel amulet
 29878 | Swamp:3  | Identified the amulet of Intercession {Gourm *Drain Str+4
                  | Slay+4 SInv} (You found it on level 3 of the Swamp)
 29894 | Swamp:4  | Entered Level 4 of the Swamp
 29894 | Swamp:4  | Noticed a thorn hunter
 29894 | Swamp:4  | Noticed a thorn hunter
 29901 | Swamp:4  | Killed a thorn hunter
 30224 | Swamp:4  | Killed a thorn hunter
 30329 | Swamp:4  | Received a gift from Trog
 30342 | Swamp:4  | Paralysed by a hornet for 1 turns
 30395 | Swamp:4  | Reached skill level 22 in Axes
 30728 | Swamp:4  | Identified a scroll of acquirement
 30729 | Swamp:4  | Got a smoking pewter amulet
 30735 | Swamp:4  | Identified the ring "Gishro Omna" {rN++ MR+ Dex-2} (You
                  | found it on level 3 of the Swamp)
 30816 | Swamp:4  | Noticed the 27-headed Lernaean hydra
 30822 | Swamp:4  | Killed the 27-headed Lernaean hydra
 30822 | Swamp:4  | Reached skill level 15 in Fighting
 30828 | Swamp:4  | Reached XP level 17. HP: 149/156 MP: 16/16
 30833 | Swamp:4  | Received a gift from Trog
 30949 | Swamp:4  | Got a decaying rune of Zot
 31203 | Swamp:4  | Identified the amulet "Hirept" {Acrobat rElec rPois Dex+2
                  | Stlth+} (You acquired it on level 4 of the Swamp)
 31510 | Spider:1 | Entered Level 1 of the Spider Nest
 32565 | Spider:2 | Received a gift from Trog
 32593 | Spider:2 | Identified Roxanne's Grimoire of Shape Shifting
 32593 | Spider:2 | Noticed Roxanne
 32659 | Spider:2 | Killed Roxanne
 33183 | Spider:3 | Noticed Agnes
 33194 | Spider:3 | Killed Agnes
 33524 | Spider:3 | Received a gift from Trog
 33814 | Spider:3 | Got a slimy lead amulet
 33815 | Spider:3 | Identified the amulet of Posocaeme {Gourm rN+ MR+ Stlth+}
                  | (You acquired it on level 3 of the Spider Nest)
 33933 | Spider:3 | Reached skill level 23 in Axes
 34017 | Spider:3 | Received a gift from Trog
 34021 | Spider:3 | Got a warped battleaxe {god gift}
 34022 | Spider:3 | Identified the +0 battleaxe of Orb Guardian's Doom {holy,
                  | rElec rPois} (Trog gifted it to you on level 3 of the
                  | Spider Nest)
 34205 | Spider:4 | Entered Level 4 of the Spider Nest
 34274 | Spider:4 | Noticed Arachne
 34334 | Spider:3 | Killed Arachne
 34784 | Spider:4 | Reached XP level 18. HP: 158/166 MP: 17/17
 35623 | Spider:4 | HP: 7/167 [entropy weaver (5)]
 35627 | Spider:4 | HP: 1/167 [disintegration (29)]
 36399 | Spider:4 | Received a gift from Trog
 36656 | Spider:4 | Paralysed by a hornet for 1 turns
 36969 | Spider:4 | Got a gossamer rune of Zot
 37422 | Vaults:1 | Entered Level 1 of the Vaults
 37594 | Vaults:1 | Reached skill level 24 in Axes
 37645 | Vaults:1 | Noticed Asterion
 37660 | Vaults:1 | Killed Asterion
 37691 | Vaults:1 | HP: 1/169 [tengu reaver/cursed -3 bardiche (33)]
 37692 | Vaults:1 | Mangled by a tengu reaver

Levels and vault maps discovered:
D:1:      psy_arrival_conway, layout_basic, minmay_strange_pillars,
          minmay_statues_item
D:2:      layout_loops_cross, nemelex_xobeh_ov_fountains_minmay
D:3:      layout_loops_ring, lemuel_crystal_altar, okawaru_metal_pillars_1_2,
          first_ration, uniq_natasha
D:4:      layout_rooms
D:5:      layout_cave_pools, kennysheep_mini, grunt_dithmenos_smoke_and_mirrors
D:6:      layout_basic, minmay_temple_entry_glassed_door, uniq_pikel
D:7:      layout_basic
D:8:      layout_basic, nicolae_ru_awakened_eye, elyvilon_altar_3
D:9:      layout_loops_ring, nicolae_overflow_hidden_temple, david_lair_generic,
          zombieorc1_lemuel, kennysheep_cross_bottleneck
D:10:     layout_rooms, hangedman_fish_farm, minivault_12
D:11:     layout_rooms, solitary_fountain, uniq_nergalle, uniq_josephine
D:12:     layout_loops_ring, serial_shops, shop
D:13:     layout_basic, uniq_sonja, uniq_azrael, uniq_maurice
D:14:     kennysheep_kobold_lugonu_temple, layout_cave_pods,
          ximxim_vaults_locker_room, basic_altar, minmay_misc_feat_hallway,
          uniq_jorgrun
D:15:     gammafunk_depths_entry_grave, layout_long_grid, chequers_avenue,
          item_on_display_a
Lair:1:   layout_gridlike, cheibrodos_lair_reptile_den,
          minmay_lair_oklob_chamber
Lair:2:   layout_cave_pods, serial_bayou_shore_a, grunt_megastairs_2, uniq_urug
Lair:3:   layout_cave_pods
Lair:4:   layout_cave_pods, skrybe_swamp_entry_bodies,
          nicolae_spider_entry_orb_guardian, infiniplex_staircase_pool,
          grunt_megastairs_4, lemuel_fruit_fields
Lair:5:   layout_regular_city, portal_ice_cave_entry_pillars_1, st_stairs_8,
          minmay_lair_oklob_bushes, chequers_serial_rivers_room_a,
          wad_woods_river_01
Lair:6:   evilmike_catoblepas_cave, layout_regular_city,
          minmay_slime_entry_pillars, lemuel_fruit_fields, grunt_megastairs_1,
          infiniplex_staircase_pool_2
Swamp:1:  layout_basic_swamp, hangedman_swamp_ruin_wall, uniq_louise,
          uniq_donald, uniq_aizul, uniq_kirke
Swamp:2:  layout_basic_swamp, ebering_ghost_reflecting_pool,
          evilmike_swamp_ruin_house_6
Swamp:3:  gammafunk_its_a_trap, layout_falls_marsh, evilmike_swamp_ruin_house_2
Swamp:4:  grunt_swamp_rune_castle, layout_basic_swamp
Spider:1: layout_spider_delve
Spider:2: layout_spider_delve, uniq_roxanne
Spider:3: layout_spider_delve, special_room [special_room_bee], uniq_agnes
Spider:4: spider_rune_water, uniq_arachne
Orc:1:    layout_caves, biasface_ghost_orc_armoury
Orc:2:    grunt_orc_cross, layout_caves
Vaults:1: hangedman_vaults_unwind, v_pattern_2, hangedman_vaults_slice,
          v_misc_8, v_misc_27, vaults_mumra_lcd, ontoclasm_vaults_chip,
          hangedman_vaults_slice, vaults_room_mumra_shop_pool,
          nicolae_vaults_rhombus_5, st_hourglassy, layout_vaults_maze_snakey,
          uniq_asterion

Skill      XL: |  1  2  3  4  5  6  7  8  9 10 11 12 13 14 15 16 17 18 |
---------------+-------------------------------------------------------+-----
Axes           | 4 5 6 9 10 12 13 15 16 17 19 20 22 23 24 | 24.4
Fighting       | 4 5 6 7 8 9 10 11 12 14 15 16 17 | 17.0
Armour         | 3 4 5 6 7 9 10 11 12 13 14 | 14.1
Dodging        | 3 4 5 6 |  6.8
Stealth        | 1 2 |  2.6
Bows           | 4 6 9 11 13 14 15 16 17 | 17.6
Maces & Flails | 2 3 |  3.2
Unarmed Combat | |  0.4

Action                   |  1- 3 |  4- 6 |  7- 9 | 10-12 | 13-15 | 16-18 || total
-------------------------+-------+-------+-------+-------+-------+-------++-------
Melee: Hand axe          |    78 |    97 |       |       |       |       ||   175
       Headbutt          |    12 |    28 |    42 |    78 |   130 |   114 ||   404
       War axe           |       |    69 |   210 |   189 |       |       ||   468
       Battleaxe         |       |       |       |   209 |   367 |       ||   576
       Flail             |       |       |       |    12 |    23 |       ||    35
       Executioner's axe |       |       |       |       |   167 |   491 ||   658
       Shortbow          |       |       |       |       |     3 |     1 ||     4
       Unarmed           |       |       |       |       |       |     6 ||     6
 Fire: Shortbow          |       |       |    27 |   363 |   770 |   938 ||  2098
Invok: Berserk           |       |       |     2 |     5 |     6 |     3 ||    16
  Use: Scroll            |       |     4 |     7 |     1 |    19 |    14 ||    45
       Potion            |       |       |       |     3 |       |     4 ||     7
 Stab: Confused          |       |       |       |       |       |     2 ||     2
  Eat: Chunk             |       |     8 |     9 |    24 |    37 |    19 ||    97
       Ration            |       |       |       |     2 |     3 |     5 ||    10
Armor: Animal skin       |     5 |       |       |       |       |       ||     5
       Ring mail         |    24 |    48 |       |       |       |       ||    72
       Chain mail        |       |    23 |   145 |   356 |   393 |   550 ||  1467
Dodge: Dodged            |    58 |    91 |   102 |   275 |   275 |   481 ||  1282
Block: Other             |       |       |       |       |    64 |    56 ||   120
       Reflection        |       |       |       |       |     9 |     3 ||    12

Table legend:
 A = Non-vault XP
 B = Vault XP
 C = Vault XP percentage of total XP
 D = Non-vault monster count
 E = Vault monster count
 F = Vault count percentage of total count
                 A         B        C        D         E       F
            +---------+---------+-------+---------+---------+-------
      Total |  214210 |  141209 |  39.7 |     824 |     332 |  28.7
            +---------+---------+-------+---------+---------+-------
        D:1 |      53 |       0 |   0.0 |      28 |       0 |   0.0
        D:2 |      90 |       0 |   0.0 |      19 |       0 |   0.0
        D:3 |      97 |      33 |  25.4 |      24 |       1 |   4.0
        D:4 |     109 |       0 |   0.0 |      10 |       0 |   0.0
        D:5 |     518 |       0 |   0.0 |      22 |       0 |   0.0
        D:6 |     615 |     641 |  51.0 |      15 |       1 |   6.2
        D:7 |     217 |       0 |   0.0 |      14 |       0 |   0.0
        D:8 |    2341 |       0 |   0.0 |      26 |       0 |   0.0
        D:9 |    3237 |    3996 |  55.2 |      35 |      40 |  53.3
       D:10 |    1998 |     309 |  13.4 |      26 |       1 |   3.7
       D:11 |    2319 |    2543 |  52.3 |      25 |       5 |  16.7
       D:12 |    3984 |       0 |   0.0 |      43 |       0 |   0.0
       D:13 |    5126 |    3421 |  40.0 |      21 |       8 |  27.6
       D:14 |    4566 |    7908 |  63.4 |      10 |      16 |  61.5
       D:15 |   17183 |    4104 |  19.3 |      44 |       8 |  15.4
     Lair:1 |    4930 |    1598 |  24.5 |      24 |       6 |  20.0
     Lair:2 |    2828 |    1218 |  30.1 |      14 |       2 |  12.5
     Lair:3 |    5271 |       0 |   0.0 |      17 |       0 |   0.0
     Lair:4 |    7202 |    1140 |  13.7 |      29 |       4 |  12.1
     Lair:5 |   11982 |    2555 |  17.6 |      26 |       7 |  21.2
     Lair:6 |   12252 |   13673 |  52.7 |      33 |      36 |  52.2
    Swamp:1 |    5372 |    7640 |  58.7 |      14 |       8 |  36.4
    Swamp:2 |   12041 |    1427 |  10.6 |      31 |       1 |   3.1
    Swamp:3 |    7366 |    1007 |  12.0 |      21 |       5 |  19.2
    Swamp:4 |   14394 |   22706 |  61.2 |      26 |      34 |  56.7
   Spider:1 |   10921 |       0 |   0.0 |      31 |       0 |   0.0
   Spider:2 |   16941 |    2216 |  11.6 |      52 |       2 |   3.7
   Spider:3 |   17800 |    8386 |  32.0 |      44 |      20 |  31.2
   Spider:4 |   19141 |   23117 |  54.7 |      52 |      47 |  47.5
      Orc:1 |     623 |    2300 |  78.7 |       8 |      10 |  55.6
      Orc:2 |    2013 |   11125 |  84.7 |      17 |      32 |  65.3
   Vaults:1 |   20680 |   12718 |  38.1 |      23 |      18 |  43.9
      IceCv |       0 |    5428 | 100.0 |       0 |      20 | 100.0
            +---------+---------+-------+---------+---------+-------
